Map: [G8] Royal Blood

Players

herO - Winner!

  • Race: Protoss Protoss
  • Spawn Location: 1:00

Serral

  • Race: Zerg Zerg
  • Spawn Location: 7:00

Event: Gamers8 2023

VOD

Have the link to the VOD?

Description

Time

  • Played on: Aug. 3, 2023, 1:54 p.m.
  • Length: 13:55

All games in this series

Show
View Real Time Build Order
Export as new Build Order

herO Protoss - Winner!

Build Orders: 1 Gate Expand, Oracle Opening 

Get SALT Encoding   

  12  0:00  Probe  
  13  0:12  Probe  
  14  0:19  Pylon  
  14  0:24  Probe (Chrono Boost)  
  15  0:38  Probe (Chrono Boost)  
  16  0:44  Gateway  
  16  0:45  Probe (Chrono Boost)  
  17  0:52  Probe  
  17  0:53  Assimilator  
  18  1:04  Probe  
  19  1:16  Probe  
  20  1:25  Nexus  
  20  1:37  Cybernetics Core  
  20  1:39  Probe  
  21  1:45  Assimilator  
  21  1:51  Probe  
  22  1:55  Pylon  
  22  2:03  Probe  
  23  2:10  Adept (Chrono Boost)  
  25  2:16  Probe  
  25  2:18  Stargate  
  26  2:27  Warp Gate  
  26  2:28  Probe  
  27  2:32  Adept (Chrono Boost)  
  29  2:37  Probe  
  29  2:40  Probe  
  31  2:50  Probe  
  32  2:52  Probe  
  32  2:53  Adept  
  35  3:02  Oracle (Chrono Boost), Probe  
  39  3:06  Probe  
  40  3:14  Probe  
  41  3:20  Probe  
  41  3:26  Probe  
  43  3:31  Nexus  
  43  3:36  Pylon, Oracle (Chrono Boost)  
  46  3:49  Probe x2  
  44  4:00  Assimilator  
  44  4:01  Assimilator, Probe x2  
  46  4:03  Oracle (Chrono Boost)  
  46  4:04  Gateway  
  46  4:08  Pylon  
  49  4:13  Probe x2  
  51  4:18  Adept  
  53  4:24  Twilight Council  
  53  4:25  Forge  
  53  4:28  Probe x2  
  55  4:36  Gateway  
  55  4:40  Adept, Probe x2  
  55  4:43  Probe  
  60  4:51  Gateway  
  60  4:53  Probe x2  
  60  4:56  Probe  
  60  4:58  Stalker  
  65  5:01  Adept  
  65  5:02  Protoss Ground Weapons Level 1  
  67  5:07  Pylon  
  67  5:08  Blink (Chrono Boost)  
  65  5:17  Shield Battery  
  68  5:25  Stalker x2  
  68  5:26  Shield Battery  
  68  5:27  Oracle (Chrono Boost)  
  69  5:34  Pylon  
  72  5:37  Sentry  
  72  5:40  Pylon  
  74  5:47  Stalker  
  74  5:48  Stalker  
  74  5:49  Stalker  
  78  5:57  Cybernetics Core  
  78  6:11  Zealot x2  
  77  6:14  Zealot x2  
  53  6:35  Stalker x4  
  53  6:36  Probe x2 (Chrono Boost)  
  53  6:37  Probe (Chrono Boost)  
  61  6:48  Probe x2 (Chrono Boost)  
  61  6:49  Probe (Chrono Boost)  
  61  6:52  Robotics Facility  
  61  6:54  Probe x3 (Chrono Boost)  
  62  7:00  Protoss Ground Weapons Level 2 (Chrono Boost)  
  65  7:03  Probe x3 (Chrono Boost)  
  68  7:15  Probe x2 (Chrono Boost)  
  71  7:20  Gateway  
  71  7:21  Probe (Chrono Boost)  
  71  7:22  Sentry  
  71  7:23  Probe x2 (Chrono Boost)  
  71  7:27  Gateway, Probe (Chrono Boost)  
  76  7:32  Stalker x3  
  76  7:34  Probe  
  84  7:39  Warp Prism (Chrono Boost), Probe  
  86  7:45  Gateway  
  86  7:48  Gateway  
  86  7:52  Probe x2  
  86  7:55  Probe  
  89  8:01  Stalker x3  
  89  8:05  Pylon  
  95  8:09  Observer (Chrono Boost)  
  96  8:18  Pylon  
  96  8:24  Pylon  
  96  8:33  Stalker x6  
  108  8:40  Probe x3  
  111  8:52  Probe x2  
  101  9:03  Stalker x8  
  101  9:05  Assimilator  
  101  9:06  Assimilator, Probe  
  118  9:10  Pylon  
  118  9:11  Charge (Chrono Boost)  
  118  9:15  Protoss Ground Armor Level 1 (Chrono Boost)  
  118  9:18  Probe  
  119  9:31  Probe  
  120  9:34  Zealot x4, Stalker x2  
  120  9:37  Pylon  
  132  9:43  Probe  
  133  9:52  Pylon  
  131  9:53  Observer  
  131  10:02  Stalker x5  
  138  10:08  Pylon  
  138  10:09  Pylon  
  138  10:10  Stalker  
  138  10:11  Stalker x2  
  139  10:29  Pylon, Robotics Bay  
  139  10:33  Zealot x5  
  139  10:34  Zealot  
  139  10:35  Zealot  
  152  10:42  Warp Prism  
  144  10:49  Zealot  
  130  11:03  Zealot  
  131  11:09  Zealot x2  
  131  11:10  Zealot x2  
  139  11:12  Nexus  
  139  11:13  Pylon  
  139  11:16  Disruptor (Chrono Boost)  
  142  11:38  Stalker x2  
  142  11:39  Stalker x6  
  157  11:42  Disruptor (Chrono Boost)  
  160  11:58  Observer  
  148  12:04  Stalker x7  
  148  12:05  Stalker  
  152  12:29  Stalker x6  
  164  12:37  Pylon x2  
  139  13:01  Stalker x4  
  139  13:02  Stalker x4  
  155  13:25  Stalker x7  
  131  13:49  Stalker x5  
Show
View Real Time Build Order
Export as new Build Order

Serral Zerg 

Build Orders: Hatch First 

Get SALT Encoding   

  12  0:00  Drone  
  13  0:07  Drone  
  14  0:31  Hatchery  
  14  0:35  Drone  
  14  0:41  Extractor  
  14  0:42  Drone  
  15  0:48  Overlord  
  15  1:03  Spawning Pool  
  14  1:07  Drone  
  15  1:12  Drone  
  15  1:16  Drone  
  17  1:20  Drone  
  17  1:24  Extractor  
  17  1:30  Drone  
  18  1:41  Drone  
  18  1:44  Drone  
  20  1:51  Queen x2  
  24  1:56  Drone  
  24  1:58  Zergling x2  
  26  2:04  Overlord  
  26  2:07  Drone  
  27  2:13  Drone  
  28  2:23  Drone x2  
  28  2:26  Metabolic Boost  
  30  2:30  Drone  
  30  2:32  Queen  
  33  2:43  Overlord  
  33  2:51  Hatchery  
  33  2:54  Drone  
  33  2:55  Drone  
  34  2:59  Zergling x2  
  34  3:02  Zergling x2  
  34  3:04  Drone x3  
  39  3:07  Drone  
  39  3:11  Overlord  
  40  3:19  Queen  
  40  3:29  Drone  
  40  3:31  Zergling x6  
  40  3:34  Zergling x6  
  46  3:40  Drone x4  
  50  3:47  Zergling x2  
  48  3:55  Drone x2  
  47  4:00  Drone  
  47  4:02  Drone  
  48  4:03  Roach Warren  
  48  4:06  Drone x4  
  48  4:08  Extractor  
  50  4:14  Drone x2  
  50  4:16  Drone  
  53  4:23  Overlord x2  
  52  4:32  Zergling x4  
  54  4:43  Roach x6  
  66  4:48  Roach  
  66  4:50  Zergling x4  
  69  4:56  Spore Crawler x2  
  69  4:58  Roach x2  
  70  5:01  Overlord  
  70  5:03  Zergling x2  
  70  5:04  Zergling x2  
  70  5:08  Zergling x6  
  70  5:13  Zergling x2  
  73  5:14  Overlord  
  73  5:20  Ravager  
  74  5:21  Overlord  
  74  5:22  Zergling x4  
  74  5:23  Zergling x2  
  74  5:25  Ravager  
  74  5:28  Zergling x4  
  80  5:37  Zergling x10  
  80  5:38  Zergling x2  
  85  5:47  Zergling x8  
  85  5:48  Ravager  
  88  5:52  Zergling x4  
  86  6:03  Zergling x10  
  84  6:09  Ravager  
  84  6:11  Zergling x4  
  78  6:12  Queen  
  78  6:16  Zergling x2  
  79  6:21  Zergling x2  
  79  6:22  Zergling x2  
  79  6:24  Queen x2  
  77  6:28  Zergling x2  
  77  6:32  Zergling x4  
  65  6:39  Drone  
  60  6:43  Drone x2  
  60  6:45  Drone  
  60  6:52  Lair  
  60  6:53  Drone x2  
  62  6:56  Drone  
  62  7:02  Queen x2  
  62  7:04  Drone x2  
  62  7:05  Drone  
  69  7:15  Drone x2  
  71  7:16  Extractor, Evolution Chamber  
  71  7:18  Drone  
  70  7:23  Drone x3  
  70  7:26  Drone  
  73  7:32  Drone x8  
  81  7:38  Overlord  
  81  7:40  Extractor  
  81  7:42  Roach x2  
  84  7:45  Zerg Melee Weapons Level 1  
  84  7:47  Roach  
  84  7:51  Glial Reconstitution  
  86  7:53  Overseer  
  86  7:55  Drone x3  
  89  8:02  Roach x4  
  89  8:05  Overlord  
  97  8:08  Hatchery, Overlord  
  94  8:13  Roach x3  
  94  8:18  Overlord  
  98  8:20  Overlord x2  
  98  8:25  Ravager x4  
  102  8:32  Drone  
  103  8:36  Roach x3  
  103  8:40  Hatchery  
  106  8:42  Roach x4  
  106  8:44  Ravager  
  106  8:48  Roach x2, Zergling x2  
  115  8:53  Roach  
  115  8:54  Roach x2, Zergling x2  
  112  8:56  Roach  
  112  9:01  Overseer, Zergling x4  
  112  9:04  Queen  
  114  9:10  Zergling x6  
  114  9:12  Ravager  
  114  9:18  Ravager  
  114  9:20  Zergling x2  
  114  9:21  Queen x2, Zergling x6  
  121  9:29  Zergling x4  
  121  9:30  Ravager x2  
  122  9:33  Zergling x4  
  121  9:39  Zerg Melee Weapons Level 2  
  121  9:41  Zergling x8  
  125  9:48  Zergling x2  
  125  9:49  Zergling x4  
  126  9:57  Zergling x2  
  126  9:58  Zergling x6  
  122  10:04  Zergling x10  
  119  10:09  Ravager  
  119  10:10  Queen  
  119  10:13  Zergling x4  
  122  10:15  Zergling x14  
  122  10:18  Queen  
  122  10:19  Zergling x6  
  134  10:24  Overlord  
  134  10:28  Roach x2  
  138  10:30  Roach x2  
  141  10:38  Roach, Zergling x2  
  141  10:39  Roach x4, Zergling x2  
  146  10:45  Zergling x4  
  146  10:48  Zergling x14  
  142  10:56  Zergling x2  
  141  10:59  Zergling x6  
  141  11:02  Zergling x14  
  151  11:12  Zergling x2  
  151  11:15  Overlord x3  
  152  11:19  Overlord  
  151  11:28  Zergling x4  
  152  11:33  Overlord  
  152  11:35  Zergling x20  
  152  11:39  Drone  
  163  11:41  Baneling Nest  
  163  11:42  Zergling x2  
  160  11:49  Zergling x4  
  152  11:58  Zergling x12  
  149  12:04  Hatchery, Zergling x14  
  148  12:13  Zergling x6  
  149  12:20  Zergling x10  
  154  12:24  Centrifugal Hooks  
  154  12:27  Ravager x9  
  163  12:43  Hatchery, Zergling x10  
  155  12:54  Zergling x16  
  125  12:59  Zergling x6  
  127  13:07  Zergling x6  
  127  13:12  Zergling x6  
  131  13:18  Zergling x8  
  133  13:22  Zergling x6  
  134  13:27  Zergling x8  
  115  13:35  Zergling x6  
  115  13:38  Zergling x2  
Tags
 
Add a new tag
Caveats
  • Supply blocks, unpowered buildings, or Contaminate may cause inaccurate times.
  • Supply counts are checked every 10 seconds.